 Dungeon Crawl Stone Soup version 0.29-a0-838-g385bb11a5b (webtiles) character file.

Game seed: 16891912073635520112

12577 kevlar127 the Grappler (level 11, -2/117 HPs)
             Began as a Troll Berserker on July 13, 2022.
             Was an Elder of Trog.
             Slain by Donald
             ... wielding a +1 demon trident of electrocution
              (26 damage)
             ... on level 2 of the Orcish Mines on July 14, 2022.
             The game lasted 00:43:32 (12078 turns).

kevlar127 the Grappler (Troll Berserker)           Turns: 12078, Time: 00:43:33

Health: -2/117     AC:  8    Str: 35    XL:     11   Next: 64%
Magic:  10/10      EV: 10    Int:  2    God:    Trog [****..]
Gold:   1514       SH:  0    Dex:  8    Spells: 10/10 levels left

rFire   + + .      SeeInvis .     - Unarmed
rCold   + . .      Faith    .   (no shield)
rNeg    . . .      Spirit   .   D - +1 robe {Will+}
rPois   .          Reflect  .   C - +1 hat
rElec   .          Harm     .   x - scarf {rC+ rF+}
rCorr   +          Rampage  .   (gloves unavailable)
Will    +++..                   (boots unavailable)
Stlth   +.........              (no amulet)
HPRegen 2.09/turn               Q - ring of protection from fire
MPRegen 0.12/turn               v - ring of resist corrosion

@: strong-willed, regenerating, studying Armour
A: large, unfitting armour, claws 3, regeneration 1, shaggy fur 1, tough skin 1,
iridescent scales 1, strong 1
a: Renounce Religion, Berserk, Trog's Hand, Brothers in Arms


You were on level 2 of the Orcish Mines.
You worshipped Trog.
Trog was greatly pleased with you.
You visited 2 branches of the dungeon, and saw 13 of its levels.
You also visited: Sewer.

You collected 1514 gold pieces.

Inventory:

Missiles
 g - 127 stones
 i - 2 throwing nets
 l - 6 javelins
 E - 31 poisoned darts
 H - 5 boomerangs (quivered)
 I - a curare-tipped dart
Armour
 x - a scarf of resistance (worn)
 C - a +1 hat (worn)
 D - a +1 robe of willpower (worn)
Jewellery
 k - a +6 ring of strength
 v - a ring of resist corrosion (right claw)
 N - a ring of see invisible
 Q - a ring of protection from fire (left claw)
Wands
 a - a wand of flame (68)
 w - a wand of polymorph (18)
 B - a wand of roots (15)
 G - a wand of paralysis (24)
 S - a wand of digging (1)
Scrolls
 e - 4 scrolls of enchant armour
 f - 2 scrolls of enchant weapon {unknown}
 m - 8 scrolls of teleportation
 q - 4 scrolls of noise
 r - 2 scrolls of immolation {unknown}
 s - 3 scrolls of acquirement
 u - a scroll of fear {unknown}
 y - 9 scrolls of vulnerability
 z - 2 scrolls of blinking {unknown}
 J - a scroll of silence {unknown}
 M - a scroll of torment {unknown}
 O - a scroll of poison
 U - a scroll of summoning {unknown}
Potions
 b - 5 potions of heal wounds
 c - 2 potions of degeneration {unknown}
 d - 3 potions of attraction
 j - 5 potions of curing
 n - 3 potions of lignification
 o - 2 potions of brilliance {unknown}
 p - 2 potions of might
 t - 3 potions of mutation
 A - 2 potions of ambrosia {unknown}
 F - 2 potions of haste {unknown}
 K - 2 potions of flight {unknown}
 L - 2 potions of resistance
 T - a potion of berserk rage {unknown}
Miscellaneous
 P - a phial of floods
 R - a condenser vane


   Skills:
 + Level 10.1 Fighting
 + Level 6.7 Throwing
 + Level 4.9 Armour
 - Level 3.0 Dodging
 + Level 11.9 Unarmed Combat


You had 10 spell levels left.
You didn't know any spells.
Your spell library was empty.

Dungeon Overview and Level Annotations

Branches:
Dungeon (11/15)            Temple (0/1) D:5            Lair (0/6) D:10
    Orc (2/2) D:9           Sewer (visited)
    Elf: Orc:2

Altars:
Cheibriados
Elyvilon
Fedhas
Gozag
Kikubaaqudgha
Qazlal
Vehumet
Xom
Yredelemnul
The Shining One

Annotations:
Orc:2 Donald


Innate Abilities, Weirdness & Mutations

You are too large for most types of armour.
You have claws for hands.
Your natural rate of healing is unusually fast.
You are covered in fur. (AC +1)
You have tough skin. (AC +1)
You are partially covered in iridescent scales. (AC +2)
Your muscles are strong. (Str +4, Int/Dex -1)


Message History

The orc sorcerer hits you but does no damage.
You barely miss the orc sorcerer.
Donald mumbles some strange words.
Donald seems to speed up.
The orc sorcerer barely misses you.
Unknown command.
You mangle the orc sorcerer!!
The orc sorcerer is almost dead.
The orc sorcerer hits you with a +0 dagger.
You mangle the orc sorcerer!!
You kill the orc sorcerer!
Trog accepts your kill.
Trog appreciates your killing of a magic user.
Throw: 32 darts (poison)
Press: ? - help, Q - select action, (/) - cycle Shift-Dir - straight line, f - Donald
Aim: Donald, wielding a +1 demon trident of electrocution, wearing a +1 plate armour of poison resistance and wearing a +2 kite shield of reflection (fast, reflecting blocked projectiles, 77% to hit)
You throw a poisoned dart.
Donald reflects the poisoned dart off his +2 kite shield of reflection!
The poisoned dart barely misses you.
Donald gestures wildly while chanting.
Donald seems to grow stronger.
Throw: 5 boomerangs
Press: ? - help, Q - select action, (/) - cycle Shift-Dir - straight line, f/p - Donald
Aim: Donald, wielding a +1 demon trident of electrocution, wearing a +1 plate armour of poison resistance and wearing a +2 kite shield of reflection (fast, strong, reflecting blocked projectiles, 77% to hit)
You throw a boomerang. The boomerang barely misses Donald.
Donald says, "I hate ogres."
Donald says, "Like I always say, the jar is half empty."
Donald hits you from afar with a +1 demon trident of electrocution!!
You are electrocuted!!
Donald hits you from afar with a +1 demon trident of electrocution!!
Donald kicks a rock and scowls.
Donald completely misses you.
Your skin crawls.
You feel strong-willed.
Donald hits you from afar with a +1 demon trident of electrocution!!
* * * LOW HITPOINT WARNING * * *
Donald hits you from afar with a +1 demon trident of electrocution.
* * * LOW HITPOINT WARNING * * *
Donald says, "I think I'm starting to get a cough.
I hate that."
Donald hits you from afar with a +1 demon trident of electrocution!!
You die...

.....##....#......#
..... ###.........#
.....###........###
##.$...#.....)...##
#......#..........#
#.....#.....)#.......
#......@..)#####......
##........## #...#..
##....@.## ...# #
#......# ...#
##.)..^...# ....
.....#.....#
#......#...$.#
#....#.##......
#...... #....... ##..
#. ....... #.. ..
......


You could see Donald (fast, strong, reflecting).

Vanquished Creatures
  2 two-headed ogres (D:9)
  Lodul (D:11)
  A sixfirhy (D:8)
  Pikel (D:4)
  2 ugly things (D:11)
  An orc sorcerer (Orc:2)
  3 gargoyles
  3 trolls
  Prince Ribbit (D:7)
  A hornet (D:11)
  A shadow (D:11)
  A vampire (D:11)
  A wraith (D:11)
  A wyvern (D:9)
  A warg (Orc:1)
  5 acid dragons
  A water moccasin (D:8)
  7 orc warriors
  A sky beast (D:7)
  A black bear (D:7)
  3 ice beasts
  10 ogres
  3 centaurs
  A lemure (D:4)
  2 phantoms (D:5)
  4 kobold brigands
  4 necrophages (D:6)
  5 bullfrogs
  A gnoll sergeant (D:8)
  A wyvern zombie (D:6)
  2 scorpions (D:5)
  12 killer bees
  5 howler monkeys
  A bullfrog zombie (D:6)
  3 jellies (D:6)
  Crazy Yiuf (D:4)
  4 orc priests
  2 gnoll boudas
  2 hounds (D:6)
  3 iguanas
  11 orc wizards
  Natasha (thrice) (D:3)
  A killer bee zombie (D:6)
  10 gnolls
  13 adders
  A shadow imp (D:7)
  2 white imps (D:5)
  3 ufetubi
  A worm (D:3)
  3 dart slugs
  35 orcs
  11 ball pythons
  9 bats
  7 endoplasms
  7 giant cockroaches
  5 goblins
  7 hobgoblins
  15 kobolds
  6 quokkas
  12 frilled lizards
  4 rats
  4 bushes (D:6)
275 creatures vanquished.

Vanquished Creatures (others)
  A bush (D:6)
  10 plants (D:6)
11 creatures vanquished.

Grand Total: 286 creatures vanquished

Notes
Turn   | Place    | Note
-------+----------+-------------------------------------------
     0 | D:1      | kevlar127 the Troll Berserker began the quest for the Orb.
     0 | D:1      | Reached XP level 1. HP: 22/22 MP: 0/0
   148 | D:1      | Reached XP level 2. HP: 29/29 MP: 1/1
   462 | D:1      | Found a faded altar of an unknown god.
   707 | D:2      | Reached XP level 3. HP: 31/37 MP: 2/2
  1085 | D:2      | Reached ** piety under Trog
  1459 | D:2      | Reached skill level 4 in Unarmed Combat
  1488 | D:2      | You fall into a shaft and drop 1 floor!
  1981 | D:3      | Reached XP level 4. HP: 45/45 MP: 3/3
  2173 | D:3      | Noticed Natasha
  2181 | D:3      | Killed Natasha
  2340 | D:3      | Noticed Natasha
  2345 | D:3      | Killed Natasha
  2346 | D:3      | Reached skill level 1 in Throwing
  2580 | D:3      | Reached XP level 5. HP: 53/53 MP: 4/4
  2753 | D:3      | Noticed Natasha
  2763 | D:3      | Killed Natasha
  3390 | D:4      | Found a white marble altar of Elyvilon.
  3403 | D:4      | Found a shimmering altar of Xom.
  3403 | D:4      | Found a sparkling altar of Nemelex Xobeh.
  3405 | D:4      | Found a radiant altar of Vehumet.
  3405 | D:4      | Found a white marble altar of Elyvilon.
  3405 | D:4      | Found a burning altar of Makhleb.
  3717 | D:4      | Identified the +4 short sword of the Ferocious God {elec,
                  | rF+}
  3794 | D:4      | Found a runed translucent door.
  3795 | D:4      | Noticed Crazy Yiuf
  3801 | D:4      | Killed Crazy Yiuf
  3863 | D:5      | Entered Level 5 of the Dungeon
  3863 | D:5      | Noticed Pikel
  3863 | D:5      | Noticed a lemure
  3863 | D:5      | Noticed a lemure
  3863 | D:5      | Noticed a lemure
  3863 | D:5      | Noticed a lemure
  3868 | D:4      | Killed a lemure
  3906 | D:5      | Reached XP level 6. HP: 56/62 MP: 5/5
  3916 | D:5      | Reached skill level 5 in Unarmed Combat
  3972 | D:4      | Killed Pikel
  3973 | D:4      | Reached skill level 6 in Unarmed Combat
  3973 | D:4      | Reached XP level 7. HP: 71/71 MP: 6/6
  4027 | D:5      | Reached skill level 5 in Fighting
  4042 | D:5      | Found a staircase to the Ecumenical Temple.
  4053 | D:5      | Found a glowing drain.
  4068 | Sewer    | Entered a sewer
  4153 | Sewer    | Reached *** piety under Trog
  4270 | Sewer    | Reached XP level 8. HP: 80/80 MP: 7/7
  4827 | D:5      | Found a snail-covered altar of Cheibriados.
  5088 | D:6      | Reached skill level 7 in Unarmed Combat
  5124 | D:6      | Reached skill level 5 in Throwing
  5359 | D:6      | Reached XP level 9. HP: 68/92 MP: 8/8
  5606 | D:6      | Found a blossoming altar of Fedhas.
  5657 | D:6      | Reached skill level 8 in Unarmed Combat
  6334 | D:7      | Found an opulent altar of Gozag.
  6414 | D:7      | Gained mutation: Your muscles are strong. (Str +4, Int/Dex
                  | -1) [potion of mutation]
  6414 | D:7      | Gained mutation: You are partially covered in iridescent
                  | scales. (AC +2) [potion of mutation]
  6461 | D:7      | Reached **** piety under Trog
  6648 | D:7      | Noticed Prince Ribbit
  6676 | D:7      | Killed Prince Ribbit
  6911 | D:8      | Reached skill level 9 in Unarmed Combat
  7326 | D:8      | Found a basalt altar of Yredelemnul.
  7361 | D:8      | Noticed a sixfirhy
  7365 | D:8      | Found a runed translucent door.
  7417 | D:8      | Reached XP level 10. HP: 101/104 MP: 9/9
  7490 | D:8      | Found a glowing golden altar of the Shining One.
  7626 | D:8      | Found a flagged portal.
  7750 | D:8      | Killed a sixfirhy
  7751 | D:8      | Reached skill level 1 in Armour
  7827 | D:9      | Found a staircase to the Orcish Mines.
  8032 | D:9      | Reached skill level 10 in Unarmed Combat
  8090 | D:9      | Noticed a two-headed ogre
  8097 | D:9      | Killed a two-headed ogre
  8294 | D:9      | Found a stormy altar of Qazlal.
  8294 | D:9      | Noticed a gargoyle
  8302 | D:9      | Killed a gargoyle
  8428 | D:9      | Found a radiant altar of Vehumet.
  8433 | D:9      | Found an ancient bone altar of Kikubaaqudgha.
  8724 | D:10     | Entered Level 10 of the Dungeon
  8724 | D:10     | Noticed a two-headed ogre
  8724 | D:10     | Noticed a gargoyle
  8733 | D:9      | Killed a two-headed ogre
  8735 | D:9      | Killed a gargoyle
  9022 | D:10     | Found a staircase to the Lair.
  9324 | D:10     | Found a white marble altar of Elyvilon.
  9547 | D:11     | Noticed a gargoyle
  9549 | D:11     | Killed a gargoyle
  9550 | D:11     | Reached XP level 11. HP: 115/115 MP: 10/10
  9667 | D:11     | Reached skill level 11 in Unarmed Combat
  9982 | D:11     | Noticed a green ugly thing
  9990 | D:11     | Killed a green ugly thing
 10103 | D:11     | Noticed a green ugly thing
 10110 | D:11     | Killed a green ugly thing
 10167 | D:11     | Noticed Lodul
 10197 | D:11     | Killed Lodul
 10841 | D:11     | Identified 4 scrolls of acquirement
 10844 | D:11     | Acquired a manual of Armour
 10943 | Orc:1    | Entered Level 1 of the Orcish Mines
 11197 | Orc:2    | Entered Level 2 of the Orcish Mines
 11209 | Orc:1    | Reached skill level 10 in Fighting
 12057 | Orc:2    | Noticed an orc sorcerer
 12060 | Orc:2    | Noticed Donald
 12066 | Orc:2    | Killed an orc sorcerer
 12078 | Orc:2    | Slain by Donald

Illustrated notes

Levels and vault maps discovered:
D:1:      mainiacjoe_arrival_reflecting_pool, layout_basic,
          hellmonk_ecumenical_altar_heavens_door, minmay_misc_feat_cross,
          corner_web_ring
D:2:      wad_crossroads, layout_basic
D:3:      layout_basic, nicolae_elevator_lobby_plus, uniq_natasha
D:4:      layout_loops_cross, doesnt_xom_only_xom, nicolae_figureground_sparkle,
          uniq_crazy_yiuf_cottage
D:5:      layout_cave_pools, chei_slow_surprise,
          minmay_temple_entry_proselytizer, cheibrodos_sewer_entry_sluice,
          uniq_pikel
D:6:      layout_basic, fedhas_altar_decomposition, st_stairs_4
D:7:      layout_loops_ring, nicolae_gozag_seed_capital,
          minmay_misc_feat_encased, uniq_prince_ribbit1
D:8:      cheibrodos_shockbox, layout_loops_ring, general_overflow_altar,
          mainiacjoe_overflow_alcove_4, enter_bailey_4
D:9:      layout_cave_pools, minmay_overflow_temple_star_quad, orc_0_dummy
D:10:     layout_big_octagon, lemuel_coloured_pillars_altar, lair_entry_dummy,
          minmay_hedge_maze, minivault_16, chequers_avenue,
          nicolae_fountain_basement
D:11:     layout_loops_corners, uniq_lodul
Orc:1:    layout_diamond_mine
Orc:2:    st_orc_open, layout_diamond_mine, lightli_volcano_entry_magma_tube,
          uniq_donald

Skill      XL: |  1  2  3  4  5  6  7  8  9 10 11 |
---------------+----------------------------------+-----
Fighting       | 3 4 5 6 7 9 10 | 10.1
Unarmed Combat | 4 6 7 9 10 11 | 11.9
Throwing       | 1 2 3 4 5 6 |  6.7
Dodging        | 3 |  3.0
Armour         | 4 |  4.9

Action                   |  1- 3 |  4- 6 |  7- 9 | 10-12 || total
-------------------------+-------+-------+-------+-------++-------
Melee: Unarmed           |    99 |    78 |   349 |   188 ||   714
       Punch             |     2 |     4 |    14 |    10 ||    30
Throw: Boomerang         |       |       |       |   101 ||   101
       Dart              |       |       |       |     6 ||     6
Invok: Berserk           |       |     2 |     1 |     5 ||     8
       Trog's Hand       |       |     2 |     3 |     8 ||    13
       Brothers in Arms  |       |       |       |     1 ||     1
  Use: Potion            |       |       |     3 |       ||     3
       Scroll            |       |       |     1 |    10 ||    11
 Stab: Sleeping          |     3 |     3 |     1 |       ||     7
       Distracted        |       |       |     1 |       ||     1
Armor: Animal skin       |    24 |    12 |       |       ||    36
       Robe              |       |       |   101 |    60 ||   161
Dodge: Dodged            |    51 |    31 |   174 |   120 ||   376

Table legend: (Time is in decaauts)
 A = Elapsed time spent in this place.
 B = Non-inter-level travel time spent in this place.
 C = Inter-level travel time spent in this place.
 D = Time resting spent in this place.
 E = Time spent auto-exploring this place.
 F = Levels seen in this place.
 G = Mean time per level.
                   A        B        C        D        E       F      G
               +--------+--------+--------+--------+--------+-----+--------+
         Total |  12118 |  11227 |    891 |   2205 |   7183 |  14 |  865.6 |
       Dungeon |  10490 |   9625 |    865 |   1453 |   6632 |  11 |  953.6 |
  Orcish Mines |   1121 |   1095 |     26 |    752 |    181 |   2 |  560.5 |
         Sewer |    506 |    506 |      0 |      0 |    370 |   1 |  506.0 |
               +--------+--------+--------+--------+--------+-----+--------+

Top non-repeatable levels by time:
    D:11: 1377 daAuts
     D:3: 1287 daAuts
     D:8: 1100 daAuts
     D:2: 1092 daAuts
     D:9: 1060 daAuts
     D:7: 1006 daAuts
     D:4: 975 daAuts
   Orc:1: 949 daAuts
     D:6: 897 daAuts
     D:1: 614 daAuts
     D:5: 546 daAuts
    D:10: 531 daAuts
   Sewer: 506 daAuts
   Orc:2: 172 daAuts
